 Dungeon Crawl Stone Soup version 0.31-a0-625-gc9c7e45f3f (webtiles) character file.

Game seed: 15755256704638090168

992 AdnanSaban the Cudgeller (level 8, -1/49 HPs)
             Began as a Gargoyle Fighter on Aug 24, 2023.
             Was a Follower of Okawaru.
             Slain by Maggie
             ... wielding a +0 scimitar
              (6 damage)
             ... on level 6 of the Dungeon.
             The game lasted 00:04:27 (4561 turns).

AdnanSaban the Cudgeller (Gargoyle Fighter)         Turns: 4561, Time: 00:04:27

Health: -1/49      AC: 19    Str: 22    XL:     8   Next: 18%
Magic:  8/8        EV:  8    Int:  9    God:    Okawaru [*.....]
Gold:   266        SH:  4    Dex:  9    Spells: 7/7 levels left

rFire   . . .        a - +0 flail
rCold   . . .        c - +0 buckler
rNeg    + . .        B - +0 chain mail
rPois   ∞            m - +1 helmet
rElec   +            y - +0 cloak
rCorr   .            (no gloves)
SInv    .            (no boots)
Will    .....        i - amulet of regeneration Stlth
                     (no ring)
HPRegen 1.08/turn    (no ring)
MPRegen 0.11/turn

%: no passive effects
@: no status effects
A: sickness immunity, AC +5, negative energy resistance 1, electricity
resistance, torment resistance 1, petrification resistance
a: Renounce Religion, Heroism


You were on level 6 of the Dungeon.
You worshipped Okawaru.
Okawaru was aware of your devotion.
You visited 2 branches of the dungeon, and saw 7 of its levels.

You collected 266 gold pieces.

Inventory:

Hand Weapons
 a - a +0 flail (weapon)
Missiles
 x - 4 poisoned darts (quivered)
 C - 2 throwing nets
Armour
 c - a +0 buckler (worn)
 m - a +1 helmet (worn)
 y - a +0 cloak (worn)
 B - a +0 chain mail (worn)
Jewellery
 b - a ring of fire
 i - an amulet of regeneration (around neck)
Scrolls
 f - 6 scrolls of identify {unknown}
 j - a scroll of noise {unknown}
 k - 4 scrolls of teleportation {unknown}
 l - a scroll of silence {unknown}
 p - a scroll of acquirement {unknown}
 q - 3 scrolls of fog {unknown}
 r - a scroll of enchant weapon {unknown}
 u - a scroll of amnesia {unknown}
 v - a scroll of summoning {unknown}
 w - a scroll of vulnerability {unknown}
 D - a scroll of blinking {unknown}
 E - a scroll of enchant armour {unknown}
Potions
 d - a potion of might
 e - a potion of brilliance {unknown}
 g - a potion of lignification {unknown}
 h - 5 potions of curing {unknown}
 n - a potion of berserk rage {unknown}
 o - a potion of resistance {unknown}
 s - a potion of magic {unknown}
 t - a potion of attraction {unknown}
 z - a potion of mutation {unknown}
 A - a potion of cancellation {unknown}


   Skills:
 + Level 5.1 Fighting
 + Level 6.1 Maces & Flails
 + Level 1.4 Throwing
 + Level 5.5 Armour
 + Level 1.4 Dodging
 + Level 1.2 Stealth
 + Level 4.6 Shields


You had 7 spell levels left.
You didn't know any spells.
Your spell library contained the following spells:

 Spells                   Type           Power      Damage    Failure   Level
 Portal Projectile        Hex/Tloc       0%         N/A       100%        3
 Iskenderun's Mystic Bla  Conj/Tloc      0%         2d3       100%        4
 Tukima's Dance           Hex            Unusable   N/A       N/A         3

Dungeon Overview and Level Annotations

Branches:
Dungeon (6/15)             Temple (1/1) D:4

Altars:
Cheibriados
Elyvilon
Fedhas
Gozag
Hepliaklqana
Makhleb
Okawaru
Qazlal
Ru
Vehumet
Wu Jian
Xom
Yredelemnul

Shops:
D:4 *

Annotations:
D:5 1 runed translucent door, Crazy Yiuf
D:6 Maggie


Innate Abilities, Weirdness & Mutations

You are immune to sickness and miasma.
Your stone body is resilient. (AC +5)
You are immune to poison.
You resist negative energy. (rN+)
You are resistant to electric shocks. (rElec)
You are resistant to unholy torment.
You are immune to petrification.


Message History

You closely miss Maggie.
Maggie is lightly wounded.
Maggie points at you and mumbles some strange words.
The bolt of fire hits you!!
You sock Maggie!
Maggie is moderately wounded.
Maggie hits you but does no damage.
You barely miss Maggie.
Maggie is moderately wounded.
Maggie hits you with a +0 scimitar!
You are too injured to fight recklessly!
You are too injured to fight recklessly!
You closely miss Maggie.
Maggie is moderately wounded.
Maggie barely misses you.
You hit Maggie.
Maggie is moderately wounded.
Maggie zaps a wand.
You struggle to resist.
Maggie mumbles the words to a spell, but in the wrong order.
Maggie hits you with a +0 scimitar!
You sock Maggie!
Maggie is heavily wounded.
Maggie hits you but does no damage.
You barely miss Maggie.
Maggie is heavily wounded.
Maggie hits you but does no damage.
You hit Maggie.
Maggie is heavily wounded.
Maggie hits you but does no damage.
You hit Maggie but do no damage.
Maggie is heavily wounded.
Maggie hits you but does no damage.
You closely miss Maggie.
Maggie is heavily wounded.
Maggie zaps a wand.
Your mind is blasted!
* * * LOW HITPOINT WARNING * * *
You barely miss Maggie.
Maggie is heavily wounded.
Maggie hits you with a +0 scimitar.
You die...

#####
#.(.#
#...#
#...#
#...######
#.@.......
#.@.....#
#.......#
#.#######
#. #. .?
.. #..


You could see Maggie.

Vanquished Creatures
  Grinder (D:5)
  A water moccasin (D:5)
  An ice beast (D:5)
  A black bear (D:5)
  A phantom (D:5)
  2 jellies
  An orc priest (D:4)
  Jessica (D:3)
  3 iguanas (D:5)
  An orc wizard (D:4)
  Robin (D:2)
  6 adders
  A river rat (D:3)
  A white imp (D:5)
  A worm (D:3)
  4 dart slugs
  4 orcs
  5 endoplasms
  4 giant cockroaches
  18 goblins
  17 hobgoblins
  3 jackals (D:2)
  9 kobolds
  3 quokkas
  13 ball pythons
  3 bats
  3 frilled lizards
  10 rats
119 creatures vanquished.

Notes
Turn   | Place    | Note
-------+----------+-------------------------------------------
     0 | D:1      | AdnanSaban the Gargoyle Fighter began the quest for the
                  | Orb.
     0 | D:1      | Reached XP level 1. HP: 14/14 MP: 1/1
   169 | D:1      | Reached XP level 2. HP: 19/19 MP: 2/2
   830 | D:2      | Reached XP level 3. HP: 24/24 MP: 3/3
   870 | D:2      | Noticed Robin
   886 | D:2      | HP: 1/24 [goblin/+0 club[Robin] (3)]
   901 | D:2      | HP: 1/24 [goblin/+0 club[Robin] (3)]
   913 | D:1      | HP: 1/24 [goblin/+0 club[Robin] (3)]
  1052 | D:2      | Killed Robin
  1208 | D:2      | Reached XP level 4. HP: 29/29 MP: 4/4
  1364 | D:2      | Found a blossoming altar of Fedhas.
  2092 | D:3      | Reached skill level 3 in Maces & Flails
  2457 | D:3      | Reached XP level 5. HP: 33/33 MP: 5/5
  2769 | D:3      | Noticed Jessica
  2773 | D:3      | Killed Jessica
  2837 | D:3      | Found a hazy altar of Hepliaklqana.
  3097 | D:4      | Found Okhuyj's General Store.
  3140 | D:4      | Reached XP level 6. HP: 18/38 MP: 6/6
  3255 | D:4      | Reached skill level 4 in Maces & Flails
  3473 | D:4      | Found a staircase to the Ecumenical Temple.
  3542 | Temple   | Entered the Ecumenical Temple
  3572 | Temple   | Became a worshipper of Warmaster Okawaru
  3727 | D:5      | Entered Level 5 of the Dungeon
  3727 | D:5      | Noticed a black bear
  3739 | D:5      | Killed a black bear
  3740 | D:5      | Reached skill level 1 in Dodging
  3740 | D:5      | Reached skill level 1 in Stealth
  3750 | D:5      | Noticed a water moccasin
  3765 | D:5      | Killed a water moccasin
  3766 | D:5      | Reached skill level 5 in Armour
  3766 | D:5      | Reached XP level 7. HP: 43/44 MP: 7/7
  3858 | D:5      | Reached * piety under Okawaru
  3859 | D:5      | Reached skill level 1 in Throwing
  3947 | D:5      | Noticed Grinder
  3947 | D:5      | Paralysed by Grinder for 3 turns
  3952 | D:5      | Paralysed by Grinder for 2 turns
  3964 | D:5      | Killed Grinder
  3965 | D:5      | Reached skill level 5 in Maces & Flails
  4241 | D:5      | Reached XP level 8. HP: 48/48 MP: 8/8
  4371 | D:5      | Reached skill level 5 in Fighting
  4409 | D:5      | Reached skill level 6 in Maces & Flails
  4516 | D:5      | Found a runed translucent door.
  4517 | D:5      | Noticed Crazy Yiuf
  4548 | D:6      | Noticed Maggie
  4561 | D:6      | Slain by Maggie

Illustrated notes

Levels and vault maps discovered:
D:1:      minmay_arrival_diagonal_passages, layout_loops_ring,
          minmay_statues_item, corexii_hall_statues_s, grunt_decor_resistance
D:2:      layout_loops_corners, basic_altar, minmay_misc_feat_rugged, uniq_robin
D:3:      layout_loops_corners, nicolae_hepliaklqana_hippocampus,
          portal_sewer_entry_b, minmay_goblin_kobold_house, uniq_jessica
D:4:      layout_cave_pools, minmay_temple_entry_hall, serial_shops, shop
D:5:      layout_basic, nicolae_twisty_statue_hallways, uniq_grinder,
          uniq_crazy_yiuf_cottage
D:6:      layout_basic, amcnicky_altar_gilded, gammafunk_ghost_necromancy,
          uniq_sigmund, uniq_maggie
Temple:   nicolae_temple_hex_pool

Skill      XL: |  1  2  3  4  5  6  7  8 |
---------------+-------------------------+-----
Armour         | 4 5 |  5.5
Maces & Flails | 3 4 5 6 |  6.1
Fighting       | 4 5 |  5.1
Shields        | 4 |  4.6
Dodging        | 1 |  1.4
Stealth        | 1 |  1.2
Throwing       | 1 |  1.4

Action                     |  1- 3 |  4- 6 |  7- 9 || total
---------------------------+-------+-------+-------++-------
  Melee: Flail             |   124 |   225 |    87 ||   436
  Throw: Dart              |       |     6 |     4 ||    10
 Armour: Scale mail        |    85 |   103 |       ||   188
         Chain mail        |       |    28 |    45 ||    73
  Dodge: Dodged            |    68 |   110 |    27 ||   205
  Block: Buckler           |    32 |    47 |    13 ||    92

Table legend: (Time is in decaauts)
 A = Elapsed time spent in this place.
 B = Non-inter-level travel time spent in this place.
 C = Inter-level travel time spent in this place.
 D = Time resting spent in this place.
 E = Time spent auto-exploring this place.
 F = Levels seen in this place.
 G = Mean time per level.
                   A        B        C        D        E       F      G
               +--------+--------+--------+--------+--------+-----+--------+
         Total |   4678 |   4457 |    221 |    181 |   3316 |   7 |  668.3 |
       Dungeon |   4618 |   4455 |    163 |    181 |   3316 |   6 |  769.7 |
        Temple |     60 |      2 |     58 |      0 |      0 |   1 |   60.0 |
               +--------+--------+--------+--------+--------+-----+--------+

Top non-repeatable levels by time:
     D:3: 1203 daAuts
     D:1: 980 daAuts
     D:2: 976 daAuts
     D:5: 836 daAuts
     D:4: 607 daAuts
  Temple: 60 daAuts
     D:6: 14 daAuts
